 Dungeon Crawl Stone Soup version 0.28-a0-750-g7c675f85b1 (webtiles) character file.

Game seed: 14260906006492932491

8369 ytrimaz the Slicer (level 11, 0/87 HPs)
             Began as a Demonspawn Fighter on Oct 29, 2021.
             Was an Elder of Okawaru.
             Slain by a boulder beetle (22 damage)
             ... on level 11 of the Dungeon.
             The game lasted 00:14:02 (12603 turns).

ytrimaz the Slicer (Demonspawn Fighter)            Turns: 12603, Time: 00:14:03

Health: 0/87       AC: 17    Str: 24    XL:     11   Next: 9%
Magic:  9/15       EV: 13    Int:  8    God:    Okawaru [****..]
Gold:   439        SH:  7    Dex: 18    Spells: 9/10 levels left

rFire   + . .      SeeInvis +   G - +10 trident of the Hidden Gods {pain, Str+4 Int-5 SInv}
rCold   . . .      Faith    .   c - +0 buckler
rNeg    + . .      Spirit   .   b - +0 scale mail
rPois   +          Reflect  .   (no helmet)
rElec   .          Harm     .   v - +0 cloak
rCorr   .          Rampage  .   r - +0 pair of gloves
Will    .....                   o - +0 pair of boots
Stlth   ++........              (no amulet)
HPRegen 0.24/turn               y - ring "Paalid" {rF+ rN+ Int+4 Dex+5}
MPRegen 0.14/turn               C - ring of poison resistance

@: heroic, finesse-ful
A: yellow scales 2, spiny 2
a: Renounce Religion, Heroism, Finesse


You were on level 11 of the Dungeon.
You worshipped Okawaru.
Okawaru was greatly pleased with you.
You visited 2 branches of the dungeon, and saw 12 of its levels.

You collected 605 gold pieces.
You spent 166 gold pieces at shops.

Inventory:

Hand Weapons
 a - a +1 rapier
 G - the +10 trident of the Hidden Gods (weapon) {pain, Str+4 Int-5 SInv}
   (You found it on level 8 of the Dungeon)

   In the hands of one skilled in necromantic magic, it inflicts extra damage on
   living creatures.
   Str:       It affects your strength (+4).
   Int:       It affects your intelligence (-5).
   SInv:      It lets you see invisible.
Missiles
 J - 3 throwing nets
Armour
 b - a +0 scale mail (worn)
 c - a +0 buckler (worn)
 o - a +0 pair of boots (worn)
 r - a +0 pair of gloves (worn)
 v - a +0 cloak (worn)
Jewellery
 d - a ring of willpower
 m - a ring of fire
 t - a ring of ice
 y - the ring "Paalid" (left hand) {rF+ rN+ Int+4 Dex+5}
   (You acquired it on level 7 of the Dungeon)

   [ring of positive energy]

   Int:       It affects your intelligence (+4).
   Dex:       It affects your dexterity (+5).
   rF:        It protects you from fire.
   rN:        It protects you from negative energy.
 C - a ring of poison resistance (right hand)
Wands
 u - a wand of polymorph (26)
 x - a wand of paralysis (15)
 A - a wand of mindburst (19)
 H - a wand of digging (5)
 I - a wand of iceblast (3)
Scrolls
 e - 4 scrolls of blinking
 g - 4 scrolls of teleportation
 h - 6 scrolls of fear
 k - 2 scrolls of magic mapping
 q - a scroll of amnesia
Potions
 f - a potion of ambrosia
 i - 9 potions of flight
 j - 2 potions of curing
 l - 4 potions of heal wounds
 n - a potion of attraction
 p - 2 potions of resistance
 s - 2 potions of magic
 w - 2 potions of lignification
 z - a potion of mutation {unknown}
 B - a potion of berserk rage
 D - a potion of cancellation {unknown}
 F - 2 potions of haste {unknown}


   Skills:
 * Level 8.3(13.3) Fighting
 - Level 9.0(14.0) Short Blades
 - Level 0.7(5.7) Maces & Flails
 * Level 4.6(9.6) Polearms
 * Level 8.5(13.5) Armour
 - Level 4.0(9.0) Shields
 * Level 3.5 Necromancy
 * Level 5.5 Invocations


You had 9 spell levels left.
You knew the following spells:

 Your Spells              Type           Power      Damage    Failure   Level
a - Pain                  Necr           20%        1d5       21%         1

Your spell library contained the following spells:

 Spells                   Type           Power      Damage    Failure   Level
 Magic Dart               Conj           0%         1d3       63%         1
 Sting                    Tmut/Pois      0%         1d3       63%         1
 Poisonous Vapours        Pois/Air       0%         N/A       77%         2
 Searing Ray              Conj           0%         2d4       77%         2
 Agony                    Necr           5%         N/A       99%         5
 Excruciating Wounds      Necr           2%         N/A       99%         5
 Fulminant Prism          Conj/Hex       0%         3d6       100%        4
 Iskenderun's Mystic Bla  Conj/Tloc      0%         2d3       100%        4
 Olgreb's Toxic Radiance  Pois           0%         N/A       100%        4
 Lee's Rapid Deconstruct  Erth           0%         3d5*      100%        5


Dungeon Overview and Level Annotations

Branches:
Dungeon (11/15)            Temple (1/1) D:6
   Lair: D:8-11         Orc: D:9-12

Altars:
Ashenzari
Cheibriados
Dithmenos
Elyvilon
Fedhas
Gozag
Hepliaklqana
Kikubaaqudgha
Makhleb
Nemelex Xobeh
Okawaru
Qazlal
Ru
Sif Muna
Trog
Uskayaw
Vehumet
Wu Jian
Xom
Yredelemnul
Zin
The Shining One

Shops:
D:2 *   D:4 ?   D:8 *

Annotations:
D:3 1 runed translucent door, Crazy Yiuf


Innate Abilities, Weirdness & Mutations

You are mostly covered in yellow scales. (AC +3)
You are mostly covered in sharp spines.


Message History

The boulder beetle curls into a ball and begins rolling!
Found a book of Minor Magic.
The boulder beetle is struck by your spines.
The boulder beetle bites you!
You hit the boulder beetle but do no damage.
The boulder beetle writhes in agony.
The boulder beetle is lightly wounded.
You completely miss the boulder beetle.
The boulder beetle is lightly wounded.
The boulder beetle closely misses you.
You hit the boulder beetle but do no damage.
The boulder beetle is lightly wounded.
The boulder beetle bites you.
You hit the boulder beetle.
The boulder beetle writhes in agony.
The boulder beetle is lightly wounded.
The boulder beetle hits you!
The boulder beetle stops rolling and uncurls.
The boulder beetle bites you.
You can now deal lightning-fast blows.
The boulder beetle bites you! The boulder beetle closely misses you.
You hit the boulder beetle but do no damage.
The boulder beetle is lightly wounded.
The boulder beetle barely misses you.
You completely miss the boulder beetle.
The boulder beetle is lightly wounded.
The boulder beetle is struck by your spines.
The boulder beetle bites you!
You hit the boulder beetle.
The boulder beetle is lightly wounded.
The boulder beetle bites you but does no damage.
Unknown command.
Unknown command.
You hit the boulder beetle.
The boulder beetle writhes in agony.
The boulder beetle is lightly wounded.
You block the boulder beetle's attack.
Unknown command.
The boulder beetle bites you!!
* * * LOW HITPOINT WARNING * * *
The boulder beetle bites you!!
You die...

#.:..#...##...##...#.
#..[.#'####...##...#.
#....#...##...'....#.
#....#........#....#.
#....#........##...#.
#....#...##...##...#.
#..B.#...##...##...+
#...B#...######
#...@'........
#....#...##...
#....##### ..# #....#
.. #....# # #....#
#....# #...$#


You could see 2 boulder beetles.

Vanquished Creatures
  Harold (D:10)
  A two-headed ogre (D:9)
  Pikel (D:6)
  A gargoyle (D:11)
  An efreet (D:11)
  2 trolls
  Prince Ribbit (D:6)
  Sigmund (D:4)
  2 shadows
  A wyvern (D:9)
  A steam dragon (D:8)
  Edmund (D:4)
  2 acid dragons
  Duvessa (D:6)
  A sky beast (D:7)
  2 orc warriors (D:8)
  3 necrophages
  A hornet zombie (D:6)
  2 black bears
  4 ogres
  6 centaurs
  A kobold brigand (D:10)
  Blork the orc (D:6)
  2 bullfrogs
  2 gnoll sergeants
  4 scorpions
  A wyvern zombie (D:6)
  Dowan (D:6)
  A wyvern skeleton (D:6)
  10 killer bees
  3 wights (D:6)
  A howler monkey (D:7)
  2 centaur zombies
  A bullfrog zombie (D:5)
  A crimson imp (D:7)
  9 orc priests
  2 jellies
  2 hounds
  A centaur skeleton (D:7)
  4 iguanas
  6 orc wizards
  Robin (D:2)
  11 gnolls
  5 adders
  2 white imps
  An ufetubus (D:5)
  An adder skeleton (D:5)
  2 worms
  A dart slug (D:2)
  30 orcs
  A ball python (D:1)
  7 bats
  5 endoplasms
  3 giant cockroaches
  10 hobgoblins
  4 jackals (D:3)
  5 quokkas
  6 frilled lizards
  15 goblins
  3 goblin skeletons (D:7)
  A goblin zombie (D:7)
  A hobgoblin zombie (D:7)
  8 kobolds
  2 kobold skeletons (D:7)
  A kobold zombie (D:7)
  2 orc skeletons (D:7)
  2 rats (D:1)
221 creatures vanquished.

Vanquished Creatures (others)
  2 fungi (D:1)
  71 plants
  4 toadstools (D:1)
77 creatures vanquished.

Grand Total: 298 creatures vanquished

Notes
Turn   | Place    | Note
-------+----------+-------------------------------------------
     0 | D:1      | ytrimaz the Demonspawn Fighter began the quest for the Orb.
     0 | D:1      | Reached XP level 1. HP: 18/18 MP: 1/1
   327 | D:1      | Gained mutation: You are partially covered in sharp spines.
                  | [demonic ancestry]
   327 | D:1      | Reached XP level 2. HP: 22/24 MP: 2/2
   425 | D:1      | Reached skill level 2 in Short Blades
   786 | D:2      | Found Budae's General Store.
   790 | D:2      | Bought a scroll of teleportation for 33 gold pieces
   790 | D:2      | Bought 2 scrolls of fear for 77 gold pieces
   824 | D:2      | Gained mutation: You are mostly covered in sharp spines.
                  | [demonic ancestry]
   824 | D:2      | Reached XP level 3. HP: 29/29 MP: 3/3
  1118 | D:2      | Noticed Robin
  1133 | D:2      | Killed Robin
  1613 | D:2      | Reached XP level 4. HP: 30/35 MP: 4/4
  2122 | D:3      | Found a sacrificial altar of Ru.
  2127 | D:3      | Found a blossoming altar of Fedhas.
  2424 | D:3      | Found a runed translucent door.
  2425 | D:3      | Noticed Crazy Yiuf
  2691 | D:4      | Found Ytwowo Weps's Magic Scroll Boutique.
  2785 | D:4      | Noticed Edmund
  2805 | D:4      | Killed Edmund
  2806 | D:4      | Reached skill level 3 in Short Blades
  2806 | D:4      | Gained mutation: You are partially covered in yellow
                  | scales. (AC +2) [demonic ancestry]
  2806 | D:4      | Reached XP level 5. HP: 16/42 MP: 5/5
  3129 | D:4      | Noticed Sigmund
  3138 | D:4      | Killed Sigmund
  3139 | D:4      | Reached skill level 4 in Short Blades
  3139 | D:4      | Reached XP level 6. HP: 40/48 MP: 6/6
  3562 | D:4      | Reached XP level 7. HP: 38/54 MP: 7/7
  3862 | D:4      | Found Afamopas's Magic Scroll Shoppe.
  3874 | D:4      | Bought a scroll of identify for 28 gold pieces
  3874 | D:4      | Bought a scroll of identify for 28 gold pieces
  4226 | D:5      | Entered Level 5 of the Dungeon
  4233 | D:5      | Reached skill level 5 in Short Blades
  4488 | D:5      | Found a burning altar of Makhleb.
  4489 | D:5      | Noticed a green death
  4489 | D:5      | Noticed an angel
  4700 | D:5      | Reached skill level 6 in Short Blades
  4700 | D:5      | Reached XP level 8. HP: 58/61 MP: 8/8
  4744 | D:5      | Found a sparkling altar of Nemelex Xobeh.
  4769 | D:5      | Reached skill level 5 in Armour
  4779 | D:5      | Reached skill level 5 in Fighting
  5520 | D:6      | Noticed Prince Ribbit
  5529 | D:6      | Killed Prince Ribbit
  5530 | D:6      | Reached skill level 7 in Short Blades
  5849 | D:6      | Noticed Duvessa
  5849 | D:6      | Noticed Dowan
  5867 | D:6      | Killed Duvessa
  5871 | D:6      | Killed Dowan
  5872 | D:6      | Gained mutation: You are mostly covered in yellow scales.
                  | (AC +3) [demonic ancestry]
  5872 | D:6      | Reached XP level 9. HP: 31/69 MP: 9/9
  6509 | D:6      | Noticed Blork the orc
  6510 | D:6      | Found a staircase to the Ecumenical Temple.
  6516 | D:6      | Killed Blork the orc
  6532 | Temple   | Entered the Ecumenical Temple
  6714 | Temple   | Became a worshipper of Warmaster Okawaru
  6769 | D:6      | Reached skill level 8 in Short Blades
  6811 | D:6      | Noticed Pikel
  6836 | D:6      | Killed Pikel
  6836 | D:6      | Reached * piety under Okawaru
  7751 | D:7      | Reached skill level 1 in Invocations
  8399 | D:7      | Reached skill level 9 in Short Blades
  8568 | D:7      | Identified a scroll of acquirement
  8568 | D:7      | Acquired the ring "Paalid" {rF+ rN+ Int+4 Dex+5}
  8778 | D:8      | Found Koomek's Assorted Antiques.
  8789 | D:8      | Reached XP level 10. HP: 56/77 MP: 12/12
  9517 | D:8      | Reached ** piety under Okawaru
  9523 | D:8      | Identified the +10 trident of the Hidden Gods {pain, Str+4
                  | Int-5 SInv}
  9993 | D:9      | Learned a level 1 spell: Pain
 10017 | D:9      | Reached skill level 1 in Necromancy
 10110 | D:9      | Noticed a two-headed ogre
 10124 | D:9      | Killed a two-headed ogre
 10125 | D:9      | Reached skill level 1 in Polearms
 10595 | D:10     | Entered Level 10 of the Dungeon
 10746 | D:10     | Noticed Harold
 10785 | D:10     | Killed Harold
 10785 | D:10     | Reached *** piety under Okawaru
 11242 | D:10     | Reached skill level 5 in Invocations
 11479 | D:10     | Reached **** piety under Okawaru
 11934 | D:11     | Reached XP level 11. HP: 52/86 MP: 13/15
 12058 | D:11     | Received a gift from Okawaru
 12211 | D:11     | Noticed a boulder beetle
 12385 | D:11     | Noticed a boulder beetle
 12603 | D:11     | Slain by a boulder beetle

Illustrated notes

Levels and vault maps discovered:
D:1:      dpeg_arrival_windows_large_door, layout_loops_ring, moated_statue,
          minmay_gold_behind_fungi
D:2:      layout_basic, serial_shops, shop, minmay_cupped, uniq_robin
D:3:      layout_loops_ring, mainiacjoe_overflow_catwalk_spiral, serial_forest,
          infiniplex_forest_straight_4, infiniplex_forest_zigzag_2,
          infiniplex_forest_pool, infiniplex_forest_clump_diagonal,
          infiniplex_forest_clump_long, infiniplex_forest_clump_double,
          infiniplex_forest_clump_small, infiniplex_forest_lined_2,
          chequers_ecumenical_altar_grove, uniq_crazy_yiuf_cottage
D:4:      minmay_inner_zag, layout_basic, serial_shops, shop, shop,
          serial_bayou, serial_bayou_pond_e, serial_bayou_shore_b,
          serial_bayou_lagoon_a, serial_bayou_pond_b, serial_bayou_pond_c,
          serial_bayou_pond_e, uniq_sigmund, uniq_edmund
D:5:      layout_loops_corners, mainiacjoe_overflow_tiny_flanked,
          grunt_temple_overflow_order_and_chaos_2, st_stairs_3
D:6:      layout_gridville, minmay_temple_entry_drinking_statues,
          uniq_blork_the_orc, uniq_prince_ribbit1, uniq_pikel, uniq_duvessa
D:7:      layout_basic, nicolae_tso_besieged_by_evil
D:8:      layout_basic, serial_shops, nicolae_diamond_shop, serial_glass,
          glass_columns_b, glass_columns_a, serial_bayou_crossing
D:9:      layout_long_grid
D:10:     layout_irregular_city, uniq_harold
D:11:     layout_gridville, lair_entry_dummy
Temple:   nicolae_temple_elliptical

Skill      XL: |  1  2  3  4  5  6  7  8  9 10 |
---------------+-------------------------------+-----
Short Blades   | 2 3 4 6 7 9 |  9.0
Shields        | 3 4 |  4.0
Armour         | 3 4 6 7 8 |  8.5
Fighting       | 4 6 8 |  8.3
Invocations    | 2 5 |  5.5
Necromancy     | 3 |  3.5
Polearms       | 4 |  4.6
Maces & Flails | |  0.7

Action                   |  1- 3 |  4- 6 |  7- 9 | 10-12 || total
-------------------------+-------+-------+-------+-------++-------
Melee: Rapier            |    92 |    83 |   336 |    39 ||   550
       Trident           |       |       |       |   110 ||   110
Throw: Throwing net      |       |       |       |     1 ||     1
 Cast: Pain              |       |       |       |     2 ||     2
Invok: Heroism           |       |       |     1 |     2 ||     3
       Finesse           |       |       |       |     1 ||     1
  Use: Scroll            |     2 |     3 |     5 |     4 ||    14
       Potion            |       |     1 |       |       ||     1
 Stab: Held in net/web   |       |       |       |     1 ||     1
Armor: Scale mail        |    59 |    33 |   109 |    89 ||   290
Dodge: Dodged            |    54 |    31 |   101 |    88 ||   274
Block: Buckler           |    19 |    19 |    63 |    49 ||   150

Table legend: (Time is in decaauts)
 A = Elapsed time spent in this place.
 B = Non-inter-level travel time spent in this place.
 C = Inter-level travel time spent in this place.
 D = Time resting spent in this place.
 E = Time spent auto-exploring this place.
 F = Levels seen in this place.
 G = Mean time per level.
                   A        B        C        D        E       F      G
               +--------+--------+--------+--------+--------+-----+--------+
         Total |  12571 |  12259 |    312 |   3768 |   6573 |  12 | 1047.6 |
       Dungeon |  12364 |  12075 |    289 |   3768 |   6424 |  11 | 1124.0 |
        Temple |    206 |    183 |     23 |      0 |    149 |   1 |  206.0 |
               +--------+--------+--------+--------+--------+-----+--------+

Top non-repeatable levels by time:
     D:6: 1950 daAuts
     D:4: 1637 daAuts
     D:8: 1333 daAuts
     D:5: 1252 daAuts
    D:10: 1178 daAuts
     D:2: 1176 daAuts
     D:7: 884 daAuts
    D:11: 838 daAuts
     D:1: 745 daAuts
     D:3: 694 daAuts
     D:9: 671 daAuts
  Temple: 206 daAuts
